 Seeded DCSS version 0.31-a0-1074-g0b22e4e0f1 (webtiles) character file.

Game seed: 9698261311993447001 (custom seed)

109 croobank the Poker (level 4, -2/38 HPs)
             Began as a Gnoll Reaver on Nov 26, 2023.
             Killed from afar by Natasha (10 damage)
             ... with a magic dart
             ... on level 2 of the Dungeon.
             The game lasted 00:04:56 (1714 turns).

croobank the Poker (Gnoll Reaver)                   Turns: 1714, Time: 00:04:57

Health: -2/38      AC:  0    Str: 13    XL:     4   Next: 90%
Magic:  11/11      EV: 21    Int: 13    God:
Gold:   27         SH:  0    Dex: 15    Spells: 12/13 levels left

rFire   . . .        a - melded +0 spear
rCold   . . .        (shield currently unavailable)
rNeg    . . .        b - melded +0 leather armour
rPois   .            (helmet currently unavailable)
rElec   .            (cloak currently unavailable)
rCorr   .            (gloves currently unavailable)
SInv    .            (boots currently unavailable)
Will    .....        (no amulet)
Stlth   ++           (ring currently unavailable)
HPRegen 0.26/turn    (ring currently unavailable)
MPRegen 0.12/turn

%: no passive effects
@: bat-form (expiring), flying, slowed, quick
A: fast, flying, no casting, tiny, (fangs 1), strong nose, distributed training
a: no special abilities


You were on level 2 of the Dungeon.
You were a bat.
You visited 1 branch of the dungeon, and saw 3 of its levels.

You collected 83 gold pieces.
You spent 56 gold pieces at shops.

Inventory:

Hand Weapons
 a - a +0 spear (melded)
 e - a +0 short sword of holy wrath
Missiles
 c - 6 javelins
 k - 6 poisoned darts
Armour
 b - a +0 leather armour (melded)
Talismans
 l - a beast talisman
Scrolls
 m - a scroll of poison {unknown}
Potions
 f - a potion of enlightenment
 i - a potion of lignification
 j - a potion of magic


   Skills:
 + Level 4.7 Fighting
 + Level 1.3 Short Blades
 + Level 1.3 Long Blades
 + Level 1.3 Axes
 + Level 1.3 Maces & Flails
 + Level 6.6 Polearms
 + Level 1.3 Staves
 + Level 1.3 Ranged Weapons
 + Level 1.3 Throwing
 + Level 1.3 Armour
 + Level 4.7 Dodging
 + Level 1.3 Stealth
 + Level 1.3 Shields
 + Level 1.3 Unarmed Combat
 + Level 5.1 Spellcasting
 + Level 5.5 Conjurations
 + Level 1.0 Hexes
 + Level 1.0 Summonings
 + Level 1.0 Necromancy
 + Level 1.0 Translocations
 + Level 1.0 Transmutations
 + Level 1.0 Fire Magic
 + Level 1.0 Ice Magic
 + Level 1.0 Air Magic
 + Level 1.0 Earth Magic
 + Level 1.0 Poison Magic
 + Level 1.4 Invocations
 + Level 1.3 Evocations
 + Level 1.2 Shapeshifting


You had 12 spell levels left.
You knew the following spells:

 Your Spells              Type           Power      Damage    Failure   Level
a - Kiss of Death         Conj/Necr      44%        2d8       4%          1

Your spell library contained the following spells:

 Spells                   Type           Power      Damage    Failure   Level
 Momentum Strike          Conj/Tloc      22%        3d8       7%          2
 Hailstorm                Conj/Ice       11%        3d5       14%         3
 Blink                    Tloc           12%        N/A       19%         2
 Lesser Beckoning         Tloc           12%        N/A       19%         2


Dungeon Overview and Level Annotations

Branches:
Dungeon (3/15)

Altars:
Zin

Shops:
D:2 ?

Annotations:
D:2 Natasha


Innate Abilities, Weirdness & Mutations

You are a bat.
You are tiny and dextrous.
You move quickly.
You are flying.
Your equipment is almost entirely melded.
You are incapable of wielding weapons or throwing items.
You cannot cast spells.
((You have very sharp teeth.))
Your uncanny sense of smell can sniff out nearby items.
Your experience applies equally to all skills.


Message History

Natasha completely misses you.
Natasha mumbles some strange words.
Natasha glows brightly for a moment.
Natasha completely misses you.
You hit Natasha.
Natasha is heavily wounded.
Natasha closely misses you.
You barely miss Natasha.
Natasha is heavily wounded.
Natasha mumbles some strange words.
You barely miss Natasha.
Natasha is heavily wounded.
Natasha completely misses you. The cerulean imp closely misses you.
Natasha misses you.
You hit Natasha but do no damage.
Natasha is heavily wounded.
The cerulean imp hits you with a +2 spear.
Natasha claws you.
You closely miss Natasha.
Natasha is heavily wounded.
Your transformation is almost over.
The cerulean imp barely misses you. Natasha completely misses you.
The cerulean imp barely misses you. Natasha closely misses you.
You hit Natasha.
Natasha is heavily wounded.
The cerulean imp hits you with a +2 spear.
Natasha closely misses you.
You hit Natasha.
Natasha is heavily wounded.
The cerulean imp barely misses you. Natasha claws you!
* * * LOW HITPOINT WARNING * * *
The cerulean imp completely misses you.
Natasha stares at you and mumbles some strange words.
You resist with some effort. The cerulean imp completely misses you.
Natasha attacks as she pursues you! Natasha misses you.
Natasha stares at you and mumbles some strange words.
The magic dart hits you!
You die...
Natasha begins licking her fur clean.

....h...## #.................(.
#####...# #..#.#.########.....
#...# #......# ##.... #...#
#.#..#)# ##### #...# #.#....#
########.. #####...######......#
#.....##)#
....)........#.5h...####.....##.#
.........>.....#.#...........##.#
........[....###b#######.....##.#
#####...########)### #.....##..
#...# #.)<..# ########## #...#
#.#.#.### #...# #.#.....# #...#
#.###.#.####### ##.##
#.....#.......######
#.#############.#####.......
######......# #.#####..####.


You could see Natasha and a cerulean imp (summoned).

Vanquished Creatures
  Jessica (D:2)
  Natasha (D:2)
  4 dart slugs
  3 orcs (D:2)
  3 endoplasms
  4 giant cockroaches
  3 goblins (D:2)
  7 hobgoblins
  4 ball pythons
  3 bats (D:1)
  A frilled lizard (D:1)
  7 kobolds
  4 rats (D:1)
45 creatures vanquished.

Notes
Turn   | Place    | Note
-------+----------+-------------------------------------------
     0 | D:1      | croobank the Gnoll Reaver began the quest for the Orb.
     0 | D:1      | Reached XP level 1. HP: 20/20 MP: 6/6
    30 | D:1      | Reached XP level 2. HP: 22/26 MP: 7/7
    47 | D:1      | You fall into a shaft and drop 1 floor!
    47 | D:2      | Found a glowing silver altar of Zin.
   218 | D:1      | Reached skill level 5 in Spellcasting
   218 | D:1      | Reached XP level 3. HP: 21/31 MP: 7/9
   658 | D:2      | Reached skill level 1 in Invocations
   662 | D:2      | Noticed Jessica
   665 | D:2      | Killed Jessica
   666 | D:2      | Reached skill level 1 in Short Blades
   666 | D:2      | Reached skill level 1 in Long Blades
   666 | D:2      | Reached skill level 1 in Axes
   666 | D:2      | Reached skill level 1 in Maces & Flails
   666 | D:2      | Reached skill level 1 in Staves
   666 | D:2      | Reached skill level 1 in Ranged Weapons
   666 | D:2      | Reached skill level 1 in Throwing
   666 | D:2      | Reached skill level 1 in Armour
   666 | D:2      | Reached skill level 1 in Stealth
   666 | D:2      | Reached skill level 1 in Shields
   666 | D:2      | Reached skill level 1 in Unarmed Combat
   666 | D:2      | Reached skill level 1 in Evocations
   666 | D:2      | Reached skill level 1 in Shapeshifting
   666 | D:2      | Reached XP level 4. HP: 32/38 MP: 11/11
   789 | D:2      | Found Xeveti's Magic Scroll Boutique.
   797 | D:2      | Bought a scroll of identify for 28 gold pieces
   797 | D:2      | Bought a scroll of identify for 28 gold pieces
  1005 | D:2      | Noticed Natasha
  1040 | D:2      | Killed Natasha
  1041 | D:2      | Reached skill level 1 in Hexes
  1041 | D:2      | Reached skill level 1 in Summonings
  1041 | D:2      | Reached skill level 1 in Necromancy
  1041 | D:2      | Reached skill level 1 in Translocations
  1041 | D:2      | Reached skill level 1 in Transmutations
  1041 | D:2      | Reached skill level 1 in Fire Magic
  1041 | D:2      | Reached skill level 1 in Ice Magic
  1041 | D:2      | Reached skill level 1 in Air Magic
  1041 | D:2      | Reached skill level 1 in Earth Magic
  1041 | D:2      | Reached skill level 1 in Poison Magic
  1662 | D:2      | Noticed Natasha
  1714 | D:2      | Killed from afar by Natasha

Illustrated notes

Levels and vault maps discovered:
D:1:      eino_arrival_tree_alley, layout_rooms
D:2:      layout_loops_cross, serial_shops, shop, basic_altar, uniq_jessica,
          uniq_natasha
D:3:      layout_loops_ring, gammafunk_ghost_cemetery, uniq_terence,
          uniq_crazy_yiuf_cottage

Skill      XL: |  1  2  3  4 |
---------------+-------------+-----
Spellcasting   | 5 |  5.1
Invocations    | 1 |  1.4
Short Blades   | 1 |  1.3
Long Blades    | 1 |  1.3
Axes           | 1 |  1.3
Maces & Flails | 1 |  1.3
Staves         | 1 |  1.3
Ranged Weapons | 1 |  1.3
Throwing       | 1 |  1.3
Armour         | 1 |  1.3
Stealth        | 1 |  1.3
Shields        | 1 |  1.3
Unarmed Combat | 1 |  1.3
Evocations     | 1 |  1.3
Shapeshifting  | 1 |  1.2
Hexes          | 1 |  1.0
Summonings     | 1 |  1.0
Necromancy     | 1 |  1.0
Translocations | 1 |  1.0
Transmutations | 1 |  1.0
Fire Magic     | 1 |  1.0
Ice Magic      | 1 |  1.0
Air Magic      | 1 |  1.0
Earth Magic    | 1 |  1.0
Poison Magic   | 1 |  1.0
Fighting       | |  4.7
Polearms       | |  6.6
Dodging        | |  4.7
Conjurations   | |  5.5

Action                     |  1- 3 |  4- 6 || total
---------------------------+-------+-------++-------
  Melee: Spear             |    87 |    81 ||   168
         Bite              |     6 |     8 ||    14
         Unarmed           |       |    16 ||    16
  Throw: Javelin           |     2 |       ||     2
    Use: Scroll            |       |     5 ||     5
         Potion            |       |     1 ||     1
   Stab: Sleeping          |       |     1 ||     1
 Armour: Leather armour    |    25 |    32 ||    57
         Skin              |       |     7 ||     7
  Dodge: Dodged            |    43 |    50 ||    93

Table legend: (Time is in decaauts)
 A = Elapsed time spent in this place.
 B = Non-inter-level travel time spent in this place.
 C = Inter-level travel time spent in this place.
 D = Time resting spent in this place.
 E = Time spent auto-exploring this place.
 F = Levels seen in this place.
 G = Mean time per level.
                   A        B        C        D        E       F      G
               +--------+--------+--------+--------+--------+-----+--------+
         Total |   1681 |   1612 |     69 |    460 |    833 |   3 |  560.3 |
       Dungeon |   1681 |   1612 |     69 |    460 |    833 |   3 |  560.3 |
               +--------+--------+--------+--------+--------+-----+--------+

Top non-repeatable levels by time:
     D:2: 1250 daAuts
     D:1: 423 daAuts
     D:3: 7 daAuts
